 Dungeon Sprint DCSS version 0.23.1 (webtiles) character file.

Game seed: 14280131998728712583

132 nuthulu the Cleaver (level 8, -5/81 HPs)
             Began as a Minotaur Fighter on Mar 5, 2019.
             Was an Elder of Qazlal.
             Slain by a seven-headed hydra (13 damage)
             ... summoned by a witch
             ... in the Dungeon (Sprint VI: "Thunderdome").
             The game lasted 00:04:42 (699 turns).

nuthulu the Cleaver (Minotaur Fighter)               Turns: 699, Time: 00:04:43

Health: -5/81      AC: 14    Str: 24    XL:     8   Next: 67%
Magic:  8/12       EV:  9    Int: 11    God:    Qazlal [****..]
Gold:   45         SH: 18    Dex: 13    Spells: 7/7 levels left

rFire    + . .     SeeInvis .   d - +0 broad axe
rCold    . . .     Gourm    +   c - +0 shield
rNeg     . . .     Faith    .   b - +0 scale mail
rPois    +         Spirit   .   (helmet restricted)
rElec    .         Reflect  .   (no cloak)
rCorr    .         Harm     .   (no gloves)
MR       .....     NoTele   +   (no boots)
Stlth    ..........             r - amulet "Tuad" {Gourm +Inv Int+6 Slay+3}
HPRegen  0.23/turn              t - ring "Vuorien" {AC+3 Dex+4}
MPRegen  0.13/turn              q - ring of Bulette {+Blink rPois rF+}

@: protected from physical damage, repel missiles
A: retaliatory headbutt, horns 2
a: Upheaval, Elemental Force, Renounce Religion, Evoke Blink, Evoke Invisibility


You were in the Dungeon.
You worshipped Qazlal.
Qazlal was greatly pleased with you.
You were very full.

You visited 1 branch You collected 390 gold pieces.
You spent 345 gold pieces at shops.

Inventory:

Hand Weapons
 a - a +0 war axe
 d - a +0 broad axe (weapon)
Armour
 b - a +0 scale mail (worn)
 c - a +0 shield (worn)
Jewellery
 p - the ring of Zielyz {rElec rF+ rC- rN+ MR+}
   (You bought it in a shop in the Dungeon)

   [ring of protection from fire]

   It protects you from fire.
   It makes you vulnerable to cold.
   It insulates you from electricity.
   It protects you from negative energy.
   It affects your resistance to hostile enchantments.
 q - the ring of Bulette (right hand) {+Blink rPois rF+}
   (You bought it in a shop in the Dungeon)

   [ring of protection from fire]

   It protects you from fire.
   It protects you from poison.
   It lets you blink.
 r - the amulet "Tuad" (around neck) {Gourm +Inv Int+6 Slay+3}
   (You bought it in a shop in the Dungeon)

   [amulet of the gourmand]

   It allows you to eat raw meat even when not hungry.
   It affects your intelligence (+6).
   It affects your accuracy and damage with ranged weapons and melee attacks
   (+3).
   It lets you turn invisible.
 t - the ring "Vuorien" (left hand) {AC+3 Dex+4}
   (You bought it in a shop in the Dungeon)

   [ring of protection]

   It affects your AC (+3).
   It affects your dexterity (+4).
Wands
 l - a wand of acid (5)
 m - a wand of iceblast (5)
Scrolls
 k - 4 scrolls of blinking
 n - 3 scrolls of fog
Potions
 e - a potion of curing
 g - 2 potions of heal wounds
 h - 4 potions of haste
 i - a potion of magic
 j - a potion of berserk rage
 o - a potion of resistance
Comestibles
 f - a ration


   Skills:
 + Level 10.8 Fighting
 * Level 12.8 Axes
 + Level 10.8 Armour
 + Level 10.7 Shields
 + Level 6.7 Invocations


You had 7 spell levels left.
You didn't know any spells.
Your spell library was empty.

Dungeon Overview and Level Annotations

Branches:
Dungeon (1/1)

Altars:
Cheibriados
Dithmenos
Fedhas
Gozag
Kikubaaqudgha
Makhleb
Okawaru
Qazlal
Ru
Sif Muna
Trog
Uskayaw
Vehumet
Wu Jian
Xom
Yredelemnul
Zin
The Shining One
Beogh
Jiyva
Lugonu

Shops:
D *[%??*?*:[((!!!!


Innate Abilities, Weirdness & Mutations

You reflexively headbutt those who attack you in melee.
You have a pair of horns on your head.


Message History

The seven-headed hydra barely misses you.
The five-headed hydra completely misses you.
The five-headed hydra bites you but does no damage.
The five-headed hydra bites you. The five-headed hydra bites you!
* * * LOW HITPOINT WARNING * * *
The five-headed hydra completely misses you.
Okay, then.
Unknown command.
Aiming: Upheaval
Press: ? - help, Dir - move target cursor The ground shakes violently, spewing rubble!
The seven-headed hydra bites you but does no damage.
You block the seven-headed hydra's attack.
The seven-headed hydra bites you.
* * * LOW HITPOINT WARNING * * *
The seven-headed hydra bites you!
* * * LOW HITPOINT WARNING * * *
The seven-headed hydra bites you but does no damage. x2
The seven-headed hydra bites you!
You die...

#⌠..........###...###..........⌠
#⌠........).# #.<.# #..........⌠
#⌠..........###...###..........⌠
##.............###.............#
###∩........8.# #.8[.......∩###
##∩___....).###......___∩##
######.8..☼.☼..).8.######
#⌠...DD......⌠# ###.○°@..)..###
#_☼§.)..._# #_○○....._#
#........_# #∩.).....∩#
##∩.....∩## ##.....## ##⌠⌠⌠##
#####


You could see a seven-headed hydra and a five-headed hydra.

Vanquished Creatures
  2 kobold demonologists (D)
  A hornet (D)
  A vampire mosquito (D)
  2 wolves (D)
  2 big kobolds (D)
  A gnoll sergeant (D)
  3 scorpions (D)
  2 hounds (D)
  A gnoll shaman (D)
  7 gnolls (D)
  2 worms (D)
  A kobold (D)
25 creatures vanquished.

Vanquished Creatures (collateral kills)
  A spriggan (D)
1 creature vanquished.

Grand Total: 26 creatures vanquished

Notes
Turn   | Place    | Note
-------+----------+-------------------------------------------
     0 | D        | nuthulu the Minotaur Fighter began the quest for the Orb.
     0 | D        | Reached XP level 1. HP: 19/19 MP: 0/0
     1 | D        | Found a sacrificial altar of Ru.
     1 | D        | Found a shimmering altar of Xom.
     2 | D        | Found a blossoming altar of Fedhas.
     2 | D        | Found a radiant altar of Vehumet.
     3 | D        | Found an ancient bone altar of Kikubaaqudgha.
     3 | D        | Found a deep blue altar of Sif Muna.
     4 | D        | Found Puema's Do-It-Yourself Clinic.
     4 | D        | Found an iron altar of Okawaru.
     4 | D        | Found an opulent altar of Gozag.
     4 | D        | Found Faockimo's Distillery.
     5 | D        | Found Agecimumo's Bottled Wisdom.
     5 | D        | Found Mityaf's Distillery.
     5 | D        | Round 1.
     8 | D        | Found an ornate altar of the Wu Jian Council.
    10 | D        | Found Hoomnol's Weapon Rack.
    12 | D        | Found a hide-covered altar of Uskayaw.
    12 | D        | Found a bloodstained altar of Trog.
    12 | D        | Found Wuipseut's Premium Goods.
    12 | D        | Found Duffop's Basic Armour.
    12 | D        | Found Feyff's Miscellaneous Merchandise.
    18 | D        | Reached skill level 3 in Axes
    18 | D        | Reached XP level 2. HP: 14/28 MP: 1/1
    21 | D        | Reached skill level 4 in Axes
    28 | D        | Found a viscous altar of Jiyva.
    29 | D        | Found a snail-covered altar of Cheibriados.
    30 | D        | Found a basalt altar of Yredelemnul.
    31 | D        | Found Tisogoak's Identification Station.
    32 | D        | Found Ebrighot's Advanced Armour.
    32 | D        | Found Bofreala's Jewellery.
    32 | D        | Found a glowing silver altar of Zin.
    32 | D        | Found a corrupted altar of Lugonu.
    32 | D        | Found a glowing golden altar of the Shining One.
    32 | D        | Found Deihiop's Delicious Food.
    37 | D        | Found a roughly hewn altar of Beogh.
    38 | D        | Found a burning altar of Makhleb.
    39 | D        | Found Xaku's Magic Scroll Shop.
    40 | D        | Found Riurec's Magic Scroll Shop.
    40 | D        | Found Zaolyk's Must-Have Magic.
    41 | D        | Found a shadowy altar of Dithmenos.
    41 | D        | Found a stormy altar of Qazlal.
    41 | D        | Found Atou's Staff Store.
    49 | D        | Became a worshipper of Qazlal Stormbringer
    57 | D        | Noticed a gnoll sergeant
    69 | D        | Killed a gnoll sergeant
    69 | D        | Reached skill level 5 in Axes
    69 | D        | Reached XP level 3. HP: 14/37 MP: 2/2
    69 | D        | Reached XP level 4. HP: 17/44 MP: 3/3
    98 | D        | Reached * piety under Qazlal
   106 | D        | Bought a +0 broad axe for 120 gold pieces
   150 | D        | Arena points: 14 (+14) [x2]
   164 | D        | Bought a transparent copper ring for 45 gold pieces
   164 | D        | Bought a faintly glowing steel ring for 45 gold pieces
   164 | D        | Identified the ring of Zielyz {rElec rF+ rC- rN+ MR+} (You
                  | bought it in a shop in the Dungeon)
   165 | D        | Identified the ring of Bulette {+Blink rPois rF+} (You
                  | bought it in a shop in the Dungeon)
   175 | D        | Round 2.
   181 | D        | Reached skill level 6 in Axes
   181 | D        | Reached XP level 5. HP: 38/52 MP: 4/4
   210 | D        | Reached ** piety under Qazlal
   268 | D        | Reached skill level 7 in Axes
   268 | D        | Reached skill level 1 in Invocations
   274 | D        | Reached skill level 8 in Axes
   275 | D        | Arena points: 50 (+36) [x3]
   291 | D        | Bought a smoking bone amulet for 45 gold pieces
   291 | D        | Identified the amulet "Tuad" {Gourm +Inv Int+6 Slay+3} (You
                  | bought it in a shop in the Dungeon)
   333 | D        | Round 3.
   347 | D        | Noticed a kobold demonologist
   358 | D        | Noticed a neqoxec
   359 | D        | Killed a kobold demonologist
   359 | D        | Reached *** piety under Qazlal
   359 | D        | Reached skill level 10 in Axes
   359 | D        | Reached XP level 6. HP: 49/63 MP: 5/8
   359 | D        | Reached XP level 7. HP: 55/70 MP: 5/9
   377 | D        | Noticed a kobold demonologist
   384 | D        | Noticed a rust devil
   394 | D        | Killed a kobold demonologist
   394 | D        | Reached skill level 11 in Axes
   394 | D        | Reached skill level 5 in Invocations
   450 | D        | Reached **** piety under Qazlal
   479 | D        | Arena points: 68 (+18) [x1]
   494 | D        | Round 4.
   496 | D        | Bought a wavering platinum ring for 45 gold pieces
   496 | D        | Identified the ring of the Hidden Shrikes {Ice rPois
                  | Stlth+} (You bought it in a shop in the Dungeon)
   521 | D        | Reached skill level 10 in Fighting
   521 | D        | Reached skill level 10 in Armour
   521 | D        | Reached skill level 10 in Shields
   521 | D        | Reached XP level 8. HP: 54/79 MP: 11/11
   563 | D        | Reached skill level 12 in Axes
   617 | D        | Reached ***** piety under Qazlal
   617 | D        | Arena points: 132 (+64) [x2]
   630 | D        | Bought a pitted pewter ring for 45 gold pieces
   630 | D        | Identified the ring "Vuorien" {AC+3 Dex+4} (You bought it
                  | in a shop in the Dungeon)
   659 | D        | Round 5.
   660 | D        | Noticed a spriggan rider
   675 | D        | Killed a hornet
   683 | D        | Noticed a witch
   691 | D        | Noticed a seven-headed hydra
   696 | D        | Noticed a five-headed hydra
   699 | D        | Slain by a seven-headed hydra

Skill      XL: |  1  2  3  4  5  6  7  8 |
---------------+-------------------------+-----
Fighting       | 4 6 7 9 10 | 10.8
Axes           | 3 5 6 10 11 12 | 12.8
Armour         | 4 6 7 9 10 | 10.8
Shields        | 4 6 7 9 10 | 10.7
Invocations    | 4 5 6 |  6.7

Action                   |  1- 3 |  4- 6 |  7- 9 || total
-------------------------+-------+-------+-------++-------
Melee: War axe           |    13 |     6 |       ||    19
       Headbutt          |     1 |     3 |    11 ||    15
       Broad axe         |       |    22 |    52 ||    74
Invok: Upheaval          |       |       |     1 ||     1
       Elemental Force   |       |       |     1 ||     1
       Disaster Area     |       |       |     1 ||     1
  Use: Potion            |     2 |       |     2 ||     4
  Eat: Chunk             |       |       |     9 ||     9
Armor: Scale mail        |     4 |     5 |    18 ||    27
Dodge: Dodged            |     4 |     5 |    18 ||    27
Block: Shield            |     8 |    11 |    48 ||    67
